 Seeded DCSS version 0.32-a0-616-g9348d4545b (webtiles) character file.

Game seed: 20240227 (custom seed)

156 CarvArkoylaein the Chopper (level 5, -7/41 HPs)
             Began as a Coglin Gladiator on Feb 27, 2024.
             Was an Initiate of Gozag.
             Killed from afar by Ijyb (19 damage)
             ... with a bolt of dispelling energy
             ... on level 3 of the Dungeon on Mar 5, 2024.
             The game lasted 00:17:53 (2974 turns).

CarvArkoylaein the Chopper (Coglin Gladiator)       Turns: 2974, Time: 00:17:58

Health: -7/41      AC:  9    Str: 16    XL:     5   Next: 38%
Magic:  5/5        EV: 10    Int:  8    God:    Gozag
Gold:   93         SH:  0    Dex: 15    Spells: 4/4 levels left

rFire   . . .        a - +0 war axe {Puke}
rCold   . . .        f - +0 short sword {Fubuki}
rNeg    . . .        h - +0 scale mail
rPois   .            c - +0 helmet
rElec   .            (no cloak)
rCorr   .            (no gloves)
SInv    .            (no boots)
Will    .....        (amulet unavailable) Stlth
                     (ring unavailable)
HPRegen 0.26/turn    (ring unavailable)
MPRegen 0.09/turn    (no gizmo)

%: no passive effects
@: revving
A: off-hand wielding, slow wielding, warmup strikes, no jewellery, iridescent
scales 1
a: Invent Gizmo, Renounce Religion, Potion Petition, Call Merchant, Bribe Branch


You were on level 3 of the Dungeon.
You worshipped Gozag.
Gozag was noncommittal.
You visited 1 branch of the dungeon, and saw 3 of its levels.

You collected 131 gold pieces.
You spent 21 gold pieces at shops.
You paid 17 gold pieces to Gozag.

Inventory:

Hand Weapons
 a - a +0 war axe (weapon) {Puke}
 f - a +0 short sword (offhand) {Fubuki}
Missiles
 e - a javelin
Armour
 b - a +0 leather armour
 c - a +0 helmet (worn)
 h - a +0 scale mail (worn)
Scrolls
 d - 2 scrolls of teleportation
 g - a scroll of fear
 i - a scroll of noise {unknown}


   Skills:
 + Level 3.2 Fighting
 * Level 4.3 Axes
 - Level 2.2 Throwing
 + Level 3.5 Dodging


You had 4 spell levels left.
You didn't know any spells.
Your spell library was empty.

Dungeon Overview and Level Annotations

Branches:
Dungeon (3/15)

Altars:
Gozag
Ru
Beogh

Shops:
D:2 =   D:3 *

Annotations:
D:3 Ijyb


Innate Abilities, Weirdness & Mutations

You can wield a second weapon in your off-hand.
It takes a long time for you to wield or remove held weapons.
Your first few attacks do less damage.
You cannot equip rings or amulets.
You are partially covered in iridescent scales. (AC +2)


Message History

Terence hits you but does no damage.
You barely miss Terence with your +0 war axe.
Terence is moderately wounded.
You hit Terence with your +0 short sword.
Terence misses you. Terence barely misses you.
You closely miss Terence with your +0 short sword.
Terence is heavily wounded.
You barely miss Terence with your +0 war axe.
Terence closely misses you.
You hit Terence with your +0 war axe.
Terence is severely wounded.
You barely miss Terence with your +0 short sword.
Terence shouts, "Now you die!" Terence hits you with a +0 flail.
* * * LOW HITPOINT WARNING * * *
You hit Terence but do no damage.
Terence is severely wounded.
You hit Terence with your +0 war axe. Terence hits you but does no damage.
You hit Terence with your +0 war axe.
You kill Terence!
You now have 86 gold pieces (gained 7).
Things that are here:
a +0 flail; a +0 ring mail You now have 93 gold pieces (gained 7).
You start resting.
Ijyb is nearby!
You start resting.
Ijyb is nearby!
You hit Ijyb but do no damage.
Ijyb is lightly wounded.
You closely miss Ijyb with your +0 war axe.
Ijyb zaps a wand.
The bolt of dispelling energy misses you.
You hit Ijyb with your +0 short sword.
Ijyb is moderately wounded.
You hit Ijyb with your +0 war axe.
Ijyb zaps a wand.
The bolt of dispelling energy hits you!!
You die...
Ijyb screams, "Time for next experiment!"
Your body crumbles into a pile of gold.

##### ## #>.. ..
###.###.####.#
..g.!...)....#
###.####..##.##
####.....#####
#.@g.........#
#............#
#............#
#............######
##.................
##..........######
##..........#
#...........#
#...⌠.....).#


You could see Ijyb.

Vanquished Creatures
  A bombardier beetle (D:3)
  Terence (D:3)
  2 adders (D:2)
  A gnoll (D:1)
  A ribbon worm (D:2)
  A dart slug (D:1)
  An orc (D:3)
  7 ball pythons
  11 bats
  4 endoplasms
  A giant cockroach (D:3)
  7 goblins
  7 hobgoblins
  2 jackals (D:1)
  2 kobolds (D:1)
  2 quokkas
  2 rats (D:1)
53 creatures vanquished.

Notes
Turn   | Place    | Note
-------+----------+-------------------------------------------
     0 | D:1      | CarvArkoylaein the Coglin Gladiator began the quest for the
                  | Orb.
     0 | D:1      | Reached XP level 1. HP: 16/16 MP: 1/1
    14 | D:1      | Gained mutation: You are partially covered in iridescent
                  | scales. (AC +2) [potion of mutation]
   140 | D:1      | Reached XP level 2. HP: 20/22 MP: 2/2
   300 | D:1      | Reached XP level 3. HP: 26/28 MP: 3/3
  1012 | D:1      | Upgraded the game from 0.32-a0-520-g344ed53f66 to
                  | 0.32-a0-616-g9348d4545b
  1358 | D:2      | Found Loghueku's Jewellery Boutique.
  1430 | D:2      | Reached XP level 4. HP: 34/34 MP: 4/4
  1874 | D:2      | Found an opulent altar of Gozag.
  2329 | D:3      | Found Nuulihop's Assorted Antiques.
  2376 | D:3      | Bought a scroll labelled KEPA YLIPNOPRO for 21 gold pieces
  2406 | D:3      | Found a sacrificial altar of Ru.
  2561 | D:2      | Became a worshipper of Gozag Ym Sagoz the Greedy
  2781 | D:3      | Reached skill level 4 in Axes
  2781 | D:3      | Reached XP level 5. HP: 37/41 MP: 5/5
  2857 | D:3      | Found a roughly hewn altar of Beogh.
  2914 | D:3      | Found a faded altar of an unknown god.
  2934 | D:3      | Noticed Ijyb
  2936 | D:3      | Noticed Terence
  2953 | D:3      | Killed Terence
  2974 | D:3      | Killed from afar by Ijyb

Illustrated notes

Levels and vault maps discovered:
D:1:      minmay_arrival_arboretum_large, layout_basic
D:2:      layout_loops_ring, basic_altar, serial_shops, nicolae_shop_stone,
          serial_forest, infiniplex_forest_lined_room_,
          infiniplex_forest_lined_room_, infiniplex_forest_lined_ring,
          infiniplex_forest_lined_room_2, infiniplex_forest_end_3,
          infiniplex_forest_straight_4, infiniplex_forest_clump_small,
          infiniplex_forest_corner_2, infiniplex_forest_end_2,
          infiniplex_forest_fountain
D:3:      layout_basic, nicolae_ru_awakened_eye, serial_shops,
          nicolae_shop_peninsula, hellmonk_ecumenical_altar_defaced_shrine,
          uniq_terence, uniq_ijyb

Skill      XL: |  1  2  3  4 |
---------------+-------------+-----
Throwing       | 2 |  2.2
Dodging        | 3 |  3.5
Fighting       | 3 |  3.2
Axes           | 4 |  4.3

Action                     |  1- 3 |  4- 6 || total
---------------------------+-------+-------++-------
  Melee: War axe           |   119 |    77 ||   196
         Short sword       |    94 |    76 ||   170
  Throw: Throwing net      |     6 |       ||     6
    Use: Scroll            |     4 |     3 ||     7
         Potion            |     4 |     1 ||     5
   Stab: Held in net/web   |     1 |       ||     1
 Armour: Leather armour    |    31 |       ||    31
         Scale mail        |    28 |    40 ||    68
  Dodge: Dodged            |    60 |    34 ||    94
         Repelled          |     1 |       ||     1

Table legend: (Time is in decaauts)
 A = Elapsed time spent in this place.
 B = Non-inter-level travel time spent in this place.
 C = Inter-level travel time spent in this place.
 D = Time resting spent in this place.
 E = Time spent auto-exploring this place.
 F = Levels seen in this place.
 G = Mean time per level.
                   A        B        C        D        E       F      G
               +--------+--------+--------+--------+--------+-----+--------+
         Total |   3009 |   2807 |    202 |    210 |    952 |   3 | 1003.0 |
       Dungeon |   3009 |   2807 |    202 |    210 |    952 |   3 | 1003.0 |
               +--------+--------+--------+--------+--------+-----+--------+

Top non-repeatable levels by time:
     D:2: 1406 daAuts
     D:1: 1099 daAuts
     D:3: 503 daAuts
